 Seeded DCSS version 0.26-a0-1013-gf6ffb0d6bd (webtiles) character file.

Game seed: 42069 (custom seed)

2170 runemasterragnar the Vexing (level 9, -5/88 HPs)
             Began as an Ogre Arcane Marksman on Dec 7, 2020.
             Was a Believer of Dithmenos.
             Killed from afar by Erica (26 damage)
             ... with a bolt of poison
             ... on level 9 of the Dungeon on Dec 8, 2020.
             The game lasted 00:23:00 (14003 turns).

runemasterragnar the Vexing (Ogre Arcane Marksman) Turns: 14003, Time: 00:23:01

Health: -5/88      AC:  4    Str: 16    XL:     9   Next: 32%
Magic:  15/15      EV: 11    Int: 17    God:    Dithmenos [**....]
Gold:   424        SH:  0    Dex:  9    Spells: 5/16 levels left

rFire    . . .     SeeInvis .   C - +1 giant club
rCold    . . .     Faith    .   (shield currently unavailable)
rNeg     . . .     Spirit   .   a - +0 robe
rPois    .         Reflect  .   A - +1 hat
rElec    .         Harm     .   (no cloak)
rCorr    +         Rampage  .   (gloves unavailable)
Will     .....                  (boots unavailable)
Stlth    ++........             (no amulet)
HPRegen  0.24/turn              y - ring of resist corrosion
MPRegen  0.14/turn              (no ring)

@: lethally poisoned (-5 -> -12), about to teleport, wreathed by umbra
A: large, unfitting armour, tough skin 1
a: Shadow Step, Renounce Religion


You were on level 9 of the Dungeon.
You worshipped Dithmenos.
Dithmenos was pleased with you.
You visited 1 branch of the dungeon, and saw 9 of its levels.

You collected 424 gold pieces.

Inventory:

Hand Weapons
 g - a +1 dagger of protection
 w - a +0 short sword of electrocution
 C - a +1 giant club (weapon)
 D - a +0 flail
Missiles
 c - 3 large rocks (quivered)
 d - 2 throwing nets
 o - 53 poisoned darts
 z - 22 boomerangs
Armour
 a - a +0 robe (worn)
 A - a +1 hat (worn)
Jewellery
 y - a ring of resist corrosion (left hand)
Wands
 b - a wand of paralysis (5)
 G - a wand of enslavement (5)
 H - a wand of disintegration (5)
Scrolls
 e - 3 scrolls of fog
 i - 5 scrolls of amnesia
 j - 3 scrolls of blinking {unknown}
 k - 2 scrolls of enchant weapon
 l - a scroll of fear {unknown}
 m - 2 scrolls of teleportation
 n - a scroll of random uselessness {unknown}
 q - 3 scrolls of enchant armour {unknown}
 r - 3 scrolls of remove curse {unknown}
 v - a scroll of holy word {unknown}
 F - a scroll of magic mapping {unknown}
Potions
 f - a potion of mutation {unknown}
 h - 5 potions of curing
 p - a potion of might
 s - 2 potions of cancellation
 t - 2 potions of degeneration
 u - 2 potions of brilliance
 x - 2 potions of haste
 B - 3 potions of flight
 E - a potion of lignification


   Skills:
 + Level 5.2 Fighting
 + Level 3.1 Maces & Flails
 + Level 4.3 Throwing
 + Level 3.8 Dodging
 + Level 2.5 Stealth
 + Level 4.2 Spellcasting
 * Level 5.4 Hexes
 * Level 3.9 Translocations
 - Level 3.1 Invocations


You had 5 spell levels left.
You knew the following spells:

 Your Spells              Type           Power        Failure   Level
a - Corona                Hex            ###....      1%          1
b - Slow                  Hex            ###.....     2%          2
c - Portal Projectile     Hex/Tloc       ###...       7%          3
d - Cause Fear            Hex            ###.......   16%         4
e - Apportation           Tloc           ###...       3%          1

Your spell library contained the following spells:

 Spells                   Type           Power        Failure   Level
 Animate Skeleton         Necr           #.....       16%         1
 Summon Small Mammal      Summ           #...         16%         1
 Inner Flame              Hex/Fire       ##......     16%         3
 Leda's Liquefaction      Hex/Erth       ##........   45%         4


Dungeon Overview and Level Annotations

Branches:
Dungeon (9/15)             Temple (0/1) D:6
   Lair: D:8-11         Orc: D:9-12

Altars:
Dithmenos
Fedhas
Gozag
Okawaru
Trog
Vehumet
Yredelemnul

Annotations:
D:2 1 runed translucent door, Crazy Yiuf
D:4 3 runed translucent doors, DocClef's ghost, amateur GnCK
D:5 1 runed translucent door, Anlio's ghost, novice DrCj; Dowan; Duvessa
D:9 Erica


Innate Abilities, Weirdness & Mutations

You are too large for most types of armour.
You have tough skin. (AC +1)


Message History

Your worker ant bites Erica but does no damage.
Erica hits your ufetubus with a +0 scimitar of flaming!
Erica burns your ufetubus.
Your ufetubus dies!
Erica shouts!
Unknown command.
As you read the scroll of teleportation, it crumbles to dust.
You feel strangely unstable.
Your worker ant misses Erica.
Erica mumbles some strange words.
Erica flickers and vanishes!
Deactivating autopickup; reactivate with Ctrl-A.
Unknown command.
You hear some strange, mumbled words.
A bolt of poison appears from out of thin air!
The bolt of poison hits your worker ant!!
Your worker ant is poisoned.
Your worker ant dies!
The bolt of poison hits you!!
You are poisoned.
You die...

#....# ##..#
#....########....##
#..................
#<.#########.......
#..#####..+ #.......
..........# #@......
##........# #....###
#........# #....'..
#.......@####### #....#..
#........†{....###....#..
#.....................# #
#........................
..(........######..#####.
.>........# #..#
..........# #..#
..........# #..#
.........# #..#


There were no monsters in sight!

Vanquished Creatures
  Grum (D:8)
  A water moccasin (D:8)
  4 ogres
  3 black bears
  2 wolves (D:8)
  A centaur (D:8)
  2 bullfrogs
  2 scorpions
  4 wights (D:6)
  A howler monkey (D:8)
  A hound (D:4)
  3 orc priests
  3 worker ants
  3 iguanas
  An orc wizard (D:4)
  A killer bee zombie (D:7)
  A hound skeleton (D:4)
  3 gnolls
  14 adders
  A shadow imp (D:3)
  3 white imps
  2 ufetubi
  An ooze (D:1)
  An adder skeleton (D:5)
  2 worms (D:2)
  3 dart slugs
  7 leopard geckos
  12 orcs
  3 ball pythons
  8 bats
  10 giant cockroaches
  11 hobgoblins
  5 jackals
  3 quokkas
  3 frilled lizards
  9 goblins
  A jackal skeleton (D:7)
  13 kobolds
  A quokka skeleton (D:4)
  10 rats
  A spectral orc (D:4)
161 creatures vanquished.

Vanquished Creatures (others)
  A worker ant (D:9)
  An ufetubus (D:9)
  10 plants (D:4)
12 creatures vanquished.

Grand Total: 173 creatures vanquished

Notes
Turn   | Place    | Note
-------+----------+-------------------------------------------
     0 | D:1      | runemasterragnar the Ogre Arcane Marksman began the quest
                  | for the Orb.
     0 | D:1      | Reached XP level 1. HP: 19/19 MP: 2/2
   207 | D:1      | Reached XP level 2. HP: 14/28 MP: 3/3
  1468 | D:1      | Reached XP level 3. HP: 11/36 MP: 1/4
  2442 | D:2      | Learned a level 2 spell: Slow
  2522 | D:2      | Reached XP level 4. HP: 38/44 MP: 0/6
  2650 | D:2      | Reached skill level 1 in Maces & Flails
  2916 | D:1      | Learned a level 3 spell: Portal Projectile
  2950 | D:2      | Found a runed translucent door.
  2951 | D:2      | Noticed Crazy Yiuf
  3292 | D:2      | Found a shadowy altar of Dithmenos.
  3339 | D:2      | Became a worshipper of Dithmenos the Shadowed
  3871 | D:2      | Reached XP level 5. HP: 53/53 MP: 7/7
  4417 | D:3      | Found a bloodstained altar of Trog.
  5121 | D:3      | Reached * piety under Dithmenos
  6038 | D:4      | Reached skill level 1 in Invocations
  6038 | D:4      | Reached XP level 6. HP: 32/61 MP: 2/9
  6361 | D:4      | Reached skill level 1 in Stealth
  6445 | D:4      | Noticed DocClef's ghost (amateur GnCK)
  6478 | D:4      | Found a runed translucent gate.
  6478 | D:4      | Found a runed translucent gate.
  6478 | D:4      | Found a runed translucent gate.
  6516 | D:4      | Reached skill level 1 in Translocations
  6583 | D:4      | Found a basalt altar of Yredelemnul.
  6589 | D:4      | Learned a level 4 spell: Cause Fear
  7515 | D:4      | Reached XP level 7. HP: 44/67 MP: 1/11
  7712 | D:5      | Entered Level 5 of the Dungeon
  8095 | D:5      | Noticed Dowan
  8102 | D:5      | Noticed Duvessa
  8315 | D:5      | Reached ** piety under Dithmenos
  9010 | D:5      | Found a runed translucent door.
  9031 | D:5      | Noticed Anlio's ghost (novice DrCj)
  9031 | D:5      | Noticed a troll
  9554 | D:6      | Found a staircase to the Ecumenical Temple.
  9634 | D:6      | Reached XP level 8. HP: 67/78 MP: 2/12
 12114 | D:8      | Reached skill level 5 in Hexes
 12511 | D:8      | Found a blossoming altar of Fedhas.
 12536 | D:8      | Reached XP level 9. HP: 74/87 MP: 10/14
 12545 | D:8      | Learned a level 1 spell: Apportation
 12766 | D:8      | Found an opulent altar of Gozag.
 12767 | D:8      | Found a radiant altar of Vehumet.
 12834 | D:8      | Found an iron altar of Okawaru.
 12986 | D:8      | Reached skill level 5 in Fighting
 13439 | D:8      | Noticed Grum
 13450 | D:8      | Killed Grum
 13955 | D:9      | Noticed Erica
 14003 | D:9      | Killed from afar by Erica

Illustrated notes

Levels and vault maps discovered:
D:1:      giann_bridges, layout_basic, chequers_serial_rivers_micro_a,
          kennysheep_decorative_pillar
D:2:      layout_basic, nicolae_overflow_crystal_walls, eino_tiny_chamber,
          uniq_crazy_yiuf_cottage
D:3:      layout_basic, lemuel_round_altar, minmay_vboxes
D:4:      layout_gridville, yredelemnul_forgotten_temple_becter, serial_glass,
          glass_columns_b, glass_columns_a, gammafunk_ghost_split,
          serial_bayou_ford_a
D:5:      layout_cave_pools, ebering_ghost_inner_flame, small_statue_alley_b,
          uniq_duvessa
D:6:      layout_gridville, minmay_temple_entry_enclosed_plants,
          kennysheep_pointless_box, minmay_holes
D:7:      layout_cave_pools
D:8:      layout_basic, nicolae_overflow_hidden_temple, fedhas_altar_2,
          uniq_grum
D:9:      layout_irregular_city, gammafunk_ghost_spectres, uniq_erica

Skill      XL: |  1  2  3  4  5  6  7  8  9 |
---------------+----------------------------+-----
Fighting       | 2 3 4 5 |  5.2
Dodging        | 2 3 |  3.8
Hexes          | 3 4 5 |  5.4
Maces & Flails | 1 2 3 |  3.1
Spellcasting   | 2 3 4 |  4.2
Throwing       | 3 4 |  4.3
Invocations    | 1 2 3 |  3.1
Stealth        | 1 2 |  2.5
Translocations | 1 2 3 |  3.9

Action                   |  1- 3 |  4- 6 |  7- 9 || total
-------------------------+-------+-------+-------++-------
Melee: Unarmed           |    15 |       |       ||    15
       Club              |   104 |    23 |       ||   127
       Halberd           |       |   135 |       ||   135
       Short sword       |       |    36 |       ||    36
       Dagger            |       |    18 |       ||    18
       Giant club        |       |    63 |   218 ||   281
Throw: Dart              |    36 |    17 |    19 ||    72
       Large rock        |     1 |     3 |     3 ||     7
       Boomerang         |       |       |     9 ||     9
       Throwing net      |       |       |     1 ||     1
 Cast: Corona            |    18 |    52 |    50 ||   120
       Slow              |     1 |    34 |    68 ||   103
       Portal Projectile |       |       |     2 ||     2
Evoke: Wand              |       |       |    12 ||    12
  Use: Scroll            |       |       |    13 ||    13
       Potion            |       |       |     5 ||     5
 Stab: Sleeping          |       |       |     3 ||     3
Armor: Robe              |    57 |    78 |    72 ||   207
Dodge: Dodged            |   105 |   224 |   230 ||   559

Table legend: (Time is in decaauts)
 A = Elapsed time spent in this place.
 B = Non-inter-level travel time spent in this place.
 C = Inter-level travel time spent in this place.
 D = Time resting spent in this place.
 E = Time spent auto-exploring this place.
 F = Levels seen in this place.
 G = Mean time per level.
                   A        B        C        D        E       F      G
               +--------+--------+--------+--------+--------+-----+--------+
         Total |  14272 |  13902 |    370 |   2738 |   8915 |   9 | 1585.8 |
       Dungeon |  14272 |  13902 |    370 |   2738 |   8915 |   9 | 1585.8 |
               +--------+--------+--------+--------+--------+-----+--------+

Top non-repeatable levels by time:
     D:1: 2616 daAuts
     D:8: 2166 daAuts
     D:4: 2125 daAuts
     D:2: 1855 daAuts
     D:3: 1796 daAuts
     D:6: 1444 daAuts
     D:7: 1294 daAuts
     D:5: 896 daAuts
     D:9: 78 daAuts
